 Dungeon Crawl Stone Soup version 0.31.0-11-ge490571c62 (webtiles) character file.

Game seed: 2063913081480691519

126 SnakkuSnakku7 the Trooper (level 4, -2/60 HPs)
             Began as an Armataur Hedge Wizard on Jan 27, 2024.
             Slain by Crazy Yiuf
             ... wielding a +4 quarterstaff of chaos
              (7 damage)
             ... on level 3 of the Dungeon.
             The game lasted 00:02:30 (2433 turns).

SnakkuSnakku7 the Trooper (Armataur Hedge Wizard)   Turns: 2433, Time: 00:02:30

Health: -2/60      AC: 22    Str: 18    XL:     4   Next: 84%
Magic:  8/8        EV:  1    Int: 14    God:
Gold:   220        SH:  0    Dex: 15    Spells: 7/8 levels left

rFire   . . .        j - +1 dagger (elec)
rCold   . . .        (no shield)
rNeg    . . .        b - melded +0 robe
rPois   +            c - melded +0 hat
rElec   .            (cloak currently unavailable)
rCorr   .            m - melded +1 pair of gloves
SInv    .            (no barding)
Will    +....        (no amulet)
Stlth   ++           g - +6 ring of dexterity
HPRegen 0.30/turn    (no ring)
MPRegen 0.11/turn

%: roll
@: mighty, tree-form, enlightened, slowed, very slow
A: stationary, stasis, torment immunity, boosted hp, large, (deformed body),
(tough skin 3), (armoured tail), roll 1
a: no special abilities


You were on level 3 of the Dungeon.
You were a tree.
You visited 1 branch of the dungeon, and saw 3 of its levels.

You collected 220 gold pieces.

Inventory:

Hand Weapons
 a - a +0 dagger
 j - a +1 dagger of electrocution (weapon)
 t - a +1 heavy hand axe
Missiles
 i - 10 poisoned darts
Armour
 b - a +0 robe (melded)
 c - a +0 hat (melded)
 m - a +1 pair of gloves (melded)
Jewellery
 g - a +6 ring of dexterity (left branch)
Wands
 q - a wand of flame (23)
 v - a wand of roots (6)
 w - a wand of charming (5)
Scrolls
 e - a scroll of fear {unknown}
 f - 2 scrolls of enchant weapon {unknown}
 h - a scroll of revelation {unknown}
 n - 2 scrolls of teleportation {unknown}
 o - a scroll of noise {unknown}
 u - a scroll of identify {unknown}
Potions
 d - a potion of magic
 l - a potion of degeneration {unknown}


   Skills:
 - Level 3.7 Fighting
 + Level 1.2 Axes
 - Level 1.3 Dodging
 - Level 2.1 Stealth
 - Level 2.6 Spellcasting
 - Level 0.8 Conjurations
 - Level 0.7 Summonings
 - Level 1.0 Translocations


You had 7 spell levels left.
You knew the following spells:

 Your Spells              Type           Power      Damage    Failure   Level
a - Magic Dart            Conj           16%        1d3       16%         1

Your spell library contained the following spells:

 Spells                   Type           Power      Damage    Failure   Level
 Slow                     Hex            4%         N/A       22%         1
 Blink                    Tloc           8%         N/A       22%         2
 Call Imp                 Summ           6%         N/A       26%         2
 Cigotuvi's Dreadful Rot  Necr/Alch/Air  2%         N/A       32%         2
 Mephitic Cloud           Conj/Alch/Air  2%         N/A       52%         3


Dungeon Overview and Level Annotations

Branches:
Dungeon (3/15)

Altars:
Kikubaaqudgha

Shops:
D:3 :

Annotations:
D:3 Crazy Yiuf


Innate Abilities, Weirdness & Mutations

You are a tree.
Your roots penetrate the ground, keeping you stationary.
You cannot be teleported.
You are immune to unholy pain and torment.
Your maximum health is greatly increased.
Your equipment is partially melded.
((Armour fits poorly on your strangely shaped body.))
((You have extremely tough skin. (AC +3)))
((You have a long armoured tail.))
You regenerate magic when rolling toward enemies. (Rampage MPRegen)


Message History

You hit Crazy Yiuf but do no damage.
Crazy Yiuf hits you with a +4 quarterstaff of chaos.
You are confused.
You bump into the stone wall.
Crazy Yiuf grits, "Defame!
Ten koolooloo Xom."
Crazy Yiuf closely misses you.
You bump into the tree.
Crazy Yiuf says, "Rot infinity bag!"
Crazy Yiuf hits you with a +4 quarterstaff of chaos!
Crazy Yiuf burns you.
You bump into the stone wall.
Crazy Yiuf hits you with a +4 quarterstaff of chaos!
* * * LOW HITPOINT WARNING * * *
It was a potion of cancellation.
Your magical effects are unravelling.
You feel magically purged.
You feel less confused.
Crazy Yiuf hits you with a +4 quarterstaff of chaos.
* * * LOW HITPOINT WARNING * * *
You feel yourself slow down.
Okay, then.
Okay, then.
It was a potion of curing.
You feel better.
Crazy Yiuf hits you with a +4 quarterstaff of chaos.
* * * LOW HITPOINT WARNING * * *
Crazy Yiuf burns you.
* * * LOW HITPOINT WARNING * * *
It was a potion of enlightenment.
You feel very buoyant.
You fly up into the air.
Crazy Yiuf barely misses you. x2
It was a potion of lignification.
You turn into a tree.
Your +0 hat melds into your body.
Your +1 pair of gloves melds into your body.
Your +0 robe melds into your body.
Your roots penetrate the ground.
Crazy Yiuf hits you with a +4 quarterstaff of chaos.
* * * LOW HITPOINT WARNING * * *
You feel very mighty all of a sudden.
You barely miss Crazy Yiuf.
Crazy Yiuf hits you with a +4 quarterstaff of chaos!
You die...

###....#
#.#####.#
.......#####
### ###
##+####....#
......'.####
#####
§§..≈.#.#
#..)#
§§_.≈.#.#
#...#
≈§..≈.#.#
...
......+.#
#g#
##+####.#
♣♣♣♣
#......#
♣.♣♣
######.#
♣♣.♣ #.#
♣.♣♣ #.##
♣♣.♣♣ #..#
♣...♣♣
##.###
♣....♣ #...#
#....#
###.####..##


You could see Crazy Yiuf.

Vanquished Creatures
  Natasha (D:3)
  Ijyb (D:3)
  2 adders (D:3)
  3 ribbon worms
  A dart slug (D:2)
  3 orcs (D:3)
  4 ball pythons
  5 endoplasms
  A giant cockroach (D:3)
  4 goblins
  5 hobgoblins
  6 kobolds
  4 quokkas
  A bat (D:1)
  2 frilled lizards
  4 rats
47 creatures vanquished.

Notes
Turn   | Place    | Note
-------+----------+-------------------------------------------
     0 | D:1      | SnakkuSnakku7 the Armataur Hedge Wizard began the quest for
                  | the Orb.
     0 | D:1      | Reached XP level 1. HP: 14/14 MP: 4/4
    80 | D:1      | Reached skill level 1 in Fighting
   326 | D:1      | Reached XP level 2. HP: 23/23 MP: 5/5
  1021 | D:2      | Reached skill level 2 in Fighting
  1576 | D:3      | Reached XP level 3. HP: 25/30 MP: 7/7
  1764 | D:3      | Found an ancient bone altar of Kikubaaqudgha.
  1780 | D:3      | Reached skill level 3 in Fighting
  1931 | D:3      | Reached XP level 4. HP: 36/38 MP: 8/8
  1958 | D:3      | Found Anlukh's Book Shop.
  2041 | D:3      | Noticed Natasha
  2043 | D:3      | Killed Natasha
  2122 | D:3      | Noticed Ijyb
  2139 | D:3      | Killed Ijyb
  2140 | D:3      | Reached skill level 1 in Axes
  2420 | D:3      | Found a runed translucent door.
  2421 | D:3      | Noticed Crazy Yiuf
  2429 | D:3      | HP: 2/40 [Crazy Yiuf/+4 quarterstaff of chaos (4)]
  2433 | D:3      | Slain by Crazy Yiuf

Illustrated notes

Levels and vault maps discovered:
D:1:      beargit_arrival_greenhouse, layout_basic,
          chequers_serial_rivers_micro_c
D:2:      layout_basic
D:3:      layout_basic, mainiacjoe_overflow_six_doors_small, serial_shops,
          nicolae_shop_tiny_statue_garden, minmay_misc_feat_rows,
          minmay_quadrilaterals, uniq_ijyb, uniq_natasha,
          uniq_crazy_yiuf_cottage

Skill      XL: |  1  2  3  4 |
---------------+-------------+-----
Fighting       | 1 2 3 |  3.7
Axes           | 1 |  1.2
Dodging        | |  1.3
Stealth        | |  2.1
Spellcasting   | |  2.6
Conjurations   | |  0.8
Summonings     | |  0.7
Translocations | |  1.0

Action                     |  1- 3 |  4- 6 || total
---------------------------+-------+-------++-------
  Melee: Dagger            |   115 |    48 ||   163
         Tailslap          |    19 |     6 ||    25
         Punch             |     2 |       ||     2
    Use: Potion            |       |     4 ||     4
   Stab: Sleeping          |     6 |     1 ||     7
 Armour: Robe              |    66 |    26 ||    92
         Skin              |       |     2 ||     2
  Dodge: Dodged            |    46 |    25 ||    71
